 Dungeon Crawl Stone Soup version 0.32-a0-859-gb0a091d592 (webtiles) character file.

Game seed: 12898119227074564358

76 ezpacito the Chopper (level 4, -5/52 HPs)
             Began as a Coglin Chaos Knight on Mar 27, 2024.
             Was a Plaything of Xom.
             Slain by Crazy Yiuf
             ... wielding a +3 quarterstaff of chaos
              (12 damage)
             ... on level 2 of the Dungeon.
             The game lasted 00:02:16 (2367 turns).

ezpacito the Chopper (Coglin Chaos Knight)          Turns: 2367, Time: 00:02:17

Health: -5/52      AC: 22    Str: 11 (14) XL:     4   Next: 32%
Magic:  5/5        EV:  2    Int:  8 (11) God:    Xom [..*...]
Gold:   81         SH:  0    Dex: 13 (14) Spells: 4/4 levels left

rFire   . . .        a - +0 hand axe (chaos) {Suphaphon}
rCold   . . .        f - +2 dagger (vamp) {Nari}
rNeg    . . .        b - melded +2 leather armour
rPois   +            (helmet currently unavailable)
rElec   .            j - melded scarf {rC+ rF+}
rCorr   .            (gloves currently unavailable)
SInv    .            k - melded +0 pair of boots
Will    .....        (no amulet)
Stlth   +            (no ring)
HPRegen 0.28/turn    (no ring)
MPRegen 0.09/turn    (no gizmo)

%: no passive effects
@: tree-form, attractive, slowed, revving, very slow
A: stationary, stasis, torment immunity, boosted hp, off-hand wielding, slow
wielding, warmup strikes, (no jewellery)
a: Invent Gizmo, Renounce Religion


You were on level 2 of the Dungeon.
You worshipped Xom.
You were a toy of Xom.
You were a tree.
You visited 1 branch of the dungeon, and saw 2 of its levels.

You collected 81 gold pieces.

Inventory:

Hand Weapons
 a - a +0 hand axe of chaos (weapon) {Suphaphon}
 f - a +2 vampiric dagger (offhand) {Nari}
Armour
 b - a +2 leather armour (melded)
 j - a scarf of resistance (melded)
 k - a +0 pair of boots (melded)
Scrolls
 c - 2 scrolls of butterflies
 e - a scroll of silence {unknown}
 i - 4 scrolls of blinking {unknown}
 l - a scroll of identify {unknown}
Potions
 g - a potion of attraction


   Skills:
 * Level 3.3 Fighting
 * Level 3.4(3.5) Axes
 + Level 0.6(2.1) Polearms
 * Level 2.3 Armour
 * Level 1.7 Dodging
 + Level 0.4 Stealth
 + Level 0.7 Spellcasting


You had 4 spell levels left.
You didn't know any spells.
Your spell library was empty.

Dungeon Overview and Level Annotations

Branches:
Dungeon (2/15)

Altars:

Shops:
D:2 (

Annotations:
D:2 Crazy Yiuf


Innate Abilities, Weirdness & Mutations

You are a tree.
Your roots penetrate the ground, keeping you stationary.
You cannot be teleported.
You are immune to unholy pain and torment.
Your maximum health is greatly increased.
Your equipment is partially melded.
You can wield a second weapon in your off-hand.
It takes a long time for you to wield or remove held weapons.
Your first few attacks do less damage.
((You cannot equip rings or amulets.))


Message History

You see here a +0 hammer.
It was a potion of attraction.
You feel attractive to monsters.
Xom roars with laughter!
It was a potion of lignification.
You turn into a tree.
Your scarf of resistance melds into your body.
Your +0 pair of boots melds into your body.
Your +2 leather armour melds into your body.
You feel hot and cold all over.
Your roots penetrate the ground.
Crazy Yiuf hits you with a +3 quarterstaff of chaos.
You are electrocuted!
You now have 16/52 hp.
You hit Crazy Yiuf with your +2 vampiric dagger.
You feel better.
Crazy Yiuf is heavily wounded.
You closely miss Crazy Yiuf with your +0 hand axe of chaos.
Crazy Yiuf hits you but does no damage.
You feel yourself slow down.
You regained 3 hp, and now have 19/52 hp.
You hit Crazy Yiuf with your +2 vampiric dagger.
You feel better.
Crazy Yiuf is severely wounded.
You hit Crazy Yiuf with your +0 hand axe of chaos.
Crazy Yiuf hits you but does no damage.
Crazy Yiuf hits you with a +3 quarterstaff of chaos.
You barely miss Crazy Yiuf with your +0 hand axe of chaos.
Crazy Yiuf is severely wounded.
You hit Crazy Yiuf with your +2 vampiric dagger.
You feel better.
Crazy Yiuf says, "Reason is nothing but a wonderful and unintelligible instinct in our souls."
Crazy Yiuf hits you but does no damage.
Crazy Yiuf hits you with a +3 quarterstaff of chaos!
* * * LOW HITPOINT WARNING * * *
Crazy Yiuf burns you.
* * * LOW HITPOINT WARNING * * *
You take 12 damage, and have 7/52 hp.
MASSIVE DAMAGE!!
It was a potion of degeneration.
There was something very wrong with that liquid.
You feel weakened.
You feel dopey.
You feel clumsy. Crazy Yiuf hits you but does no damage.
You are electrocuted!
You die...

#.##..)## #...........# ####....#
#.#########.# #.)).# #.# #.#
##### #.).)# #.# #.# ....# ##..)#
#.#########.# ###.# ##.##
#.#.........# ....####### ##.#
#.########### ..........# #.##
#.........).. .........## ##♣#
######..##### .........'# #g##
#............ ..†......## #'#
#.##..)#..... ....###### ..)
#.###..#..... ##'## #.))# #.#
#..##.#.. ##.######## #).)#
#.###..#...#. ..........# #####
#......#..... ...##.....#
#..........#.
#####.###############.###....####


You could see Crazy Yiuf.

Vanquished Creatures
  3 adders (D:2)
  A dart slug (D:1)
  A ribbon worm (D:2)
  6 bats
  2 endoplasms (D:2)
  A giant cockroach (D:1)
  4 goblins
  3 hobgoblins
  4 jackals (D:2)
  7 kobolds
  3 quokkas (D:2)
  3 ball pythons
  A frilled lizard (D:1)
  5 rats
44 creatures vanquished.

Vanquished Creatures (collateral kills)
  A jackal (D:2)
1 creature vanquished.

Vanquished Creatures (others)
  A jackal zombie (D:2)
1 creature vanquished.

Grand Total: 46 creatures vanquished

Notes
Turn   | Place    | Note
-------+----------+-------------------------------------------
     0 | D:1      | ezpacito the Coglin Chaos Knight began the quest for the
                  | Orb.
     0 | D:1      | Reached XP level 1. HP: 18/18 MP: 1/1
   131 | D:1      | XOM: silly message
   132 | D:1      | Reached skill level 1 in Dodging
   186 | D:1      | Reached XP level 2. HP: 24/24 MP: 2/2
   790 | D:1      | XOM: silly message
  1017 | D:2      | Reached XP level 3. HP: 19/29 MP: 3/3
  1029 | D:2      | Found a faded altar of an unknown god.
  1031 | D:2      | Found Catsiequ's Weapon Shoppe.
  1268 | D:2      | XOM: 1-stop teleportation journey
  1578 | D:2      | Reached XP level 4. HP: 29/35 MP: 4/4
  1844 | D:2      | XOM: 3-stop teleportation journey
  2068 | D:2      | Found a runed translucent door.
  2069 | D:2      | Noticed Crazy Yiuf
  2367 | D:2      | Slain by Crazy Yiuf

Illustrated notes

Levels and vault maps discovered:
D:1:      elethiomel_arrival_infinity_welcomes_careful_drivers,
          layout_loops_corners, nicolae_figureground_pulse
D:2:      layout_basic, serial_rivers, chequers_serial_rivers_small_3,
          chequers_serial_rivers_micro_b, chequers_serial_rivers_room_a,
          chequers_serial_rivers_micro_e, chequers_serial_rivers_micro_a,
          basic_ecumenical_altar, serial_shops, nicolae_shop_hallway_plus,
          grunt_ministairs_8, hangedman_decor_lopped, uniq_crazy_yiuf_cottage

Skill      XL: |  1  2 |
---------------+-------+-----
Dodging        | 1 |  1.7
Armour         | 2 |  2.3
Fighting       | |  3.3
Axes           | |  3.4
Polearms       | |  0.6
Stealth        | |  0.4
Spellcasting   | |  0.7

Action                     |  1- 3 |  4- 6 || total
---------------------------+-------+-------++-------
  Melee: Hand axe          |    65 |    19 ||    84
         Dagger            |    65 |    18 ||    83
    Use: Potion            |       |     3 ||     3
   Stab: Sleeping          |     2 |       ||     2
         Paralysed         |     1 |       ||     1
 Armour: Leather armour    |    51 |     9 ||    60
         Skin              |       |     7 ||     7
  Dodge: Dodged            |    62 |     9 ||    71

Table legend: (Time is in decaauts)
 A = Elapsed time spent in this place.
 B = Non-inter-level travel time spent in this place.
 C = Inter-level travel time spent in this place.
 D = Time resting spent in this place.
 E = Time spent auto-exploring this place.
 F = Levels seen in this place.
 G = Mean time per level.
                   A        B        C        D        E       F      G
               +--------+--------+--------+--------+--------+-----+--------+
         Total |   2377 |   2276 |    101 |      0 |   2007 |   2 | 1188.5 |
       Dungeon |   2377 |   2276 |    101 |      0 |   2007 |   2 | 1188.5 |
               +--------+--------+--------+--------+--------+-----+--------+

Top non-repeatable levels by time:
     D:2: 1389 daAuts
     D:1: 987 daAuts
